 Dungeon Crawl Stone Soup version 0.16-a0-2093-g8c923f7 (webtiles) character file.

15987 ztt the Cleaver (level 12, -1/108 HPs)
             Began as a Minotaur Fighter on Nov 12, 2014.
             Was a High Priest of Okawaru.
             Slain by Snorg (7 damage)
             ... on level 3 of the Lair of Beasts.
             The game lasted 00:19:42 (11406 turns).

ztt the Cleaver (Minotaur Fighter)                 Turns: 11406, Time: 00:19:43

Health: -1/108     AC: 19    Str: 26    XL:     12   Next: 6%
Magic:  5/5        EV:  8    Int:  5    God:    Okawaru [*****.]
Gold:   807        SH: 13    Dex: 10    Spells: 0 memorised, 11 levels left

rFire  . . .     SeeInvis +     C - +3 hand axe "Zexeag" {chop, SInv}
rCold  + . .     Clarity  .     z - +0 chain mail
rNeg   . . .     SustAb   .     c - +0 shield
rPois  .         Gourm    .     m - +2 hat
rElec  .         Spirit   .     G - +0 cloak (curse)
rCorr  +         Warding  .     j - +0 pair of gloves
rMut   .         Stasis   .     L - +1 pair of boots
MR     .....                    F - amulet of resist corrosion
Stlth  ..........               D - ring of protection from cold
                                q - ring of flight

@: not resistant to hostile enchantments, extremely unstealthy
A: retaliatory headbutt, horns 2
a: Heroism, Finesse, Renounce Religion, Evoke Flight


You were on level 3 of the Lair of Beasts.
You worshipped Okawaru.
Okawaru was extremely pleased with you.
You were not hungry.

You visited 3 branches of the dungeon, and saw 13 of its levels.
You also visited: Sewer.

You collected 807 gold pieces.

Inventory:

Hand weapons
 a - a +1 war axe
 C - the +3 hand axe "Zexeag" (weapon) {chop, SInv}
   (You found it on level 5 of the Dungeon)

   It inflicts extra damage upon your enemies.
   It enhances your eyesight.
 H - a +3 battleaxe of chopping
Armour
 c - a +0 shield (worn)
 j - a +0 pair of gloves (worn)
 m - a +2 hat (worn)
 z - a +0 chain mail (worn)
 G - a cursed +0 cloak (worn)
 L - a +1 pair of boots (worn)
Jewellery
 f - an uncursed ring of ice
 k - an uncursed amulet of guardian spirit
 q - a ring of flight (left hand)
 D - a ring of protection from cold (right hand)
 F - an amulet of resist corrosion (around neck)
Magical devices
 o - a wand of flame (22)
 u - a wand of slowing (24)
 J - a wand of paralysis (8)
 O - a wand of cold (10)
Scrolls
 g - 2 scrolls of remove curse
 h - 3 scrolls of amnesia
 n - 2 scrolls of magic mapping
 r - 3 scrolls of teleportation
 s - a scroll of blinking
 y - a scroll of enchant armour
 E - 2 scrolls of immolation
 I - a scroll of identify
Potions
 e - 2 potions of poison
 i - 6 potions of restore abilities
 l - 2 potions of curing
 p - a potion of lignification
 v - a potion of invisibility
 w - a potion of haste
 x - a potion of flight
 B - 3 potions of brilliance
 M - a potion of heal wounds {unknown}
Books
 t - a book of Frost

   Spells                             Type                      Level
   Freeze                             Ice                          1
   Throw Frost                        Conjuration/Ice              2
   Ozocubu's Armour                   Charms/Ice                   3
   Throw Icicle                       Conjuration/Ice              4
   Summon Ice Beast                   Ice/Summoning                4
   Condensation Shield                Ice                          4
Comestibles
 b - 7 fruits
 d - a bread ration
 A - a meat ration
 K - a slice of pizza
 N - a chunk of flesh


   Skills:
 + Level 10.6 Fighting
 + Level 11.9 Axes
 + Level 10.4 Armour
 + Level 9.4 Dodging
 + Level 1.4 Stealth
 + Level 11.2 Shields


You had 11 spell levels left.
You didn't know any spells.

Dungeon Overview and Level Annotations

Branches:
Dungeon (9/15)             Temple (1/1) D:7            Lair (3/8) D:9
  Swamp: Lair:3-6    Shoals: Lair:3-6     Snake: Lair:3-6    Spider: Lair:3-6
    Orc: D:9-12

Altars:
Ashenzari
Cheibriados
Dithmenos
Elyvilon
Fedhas
Gozag
Kikubaaqudgha
Makhleb
Nemelex Xobeh
Okawaru
Qazlal
Ru
Sif Muna
Trog
Vehumet
Xom
Yredelemnul
Zin
The Shining One

Shops:
D:5 (

Annotations:
Lair:2 exclusion: oklob plant
Lair:3 Snorg


Innate Abilities, Weirdness & Mutations

You reflexively headbutt those who attack you in melee.
You have a pair of horns on your head.


Message History

Unknown command.
You are too injured to fight recklessly!
Unknown command.
You are too injured to fight recklessly!
Unknown command.
Your chain mail prevents you from hitting Snorg.
Snorg is almost dead.
You hit the fungus.
The fungus is almost destroyed.
Snorg bites you!
* * * LOW HITPOINT WARNING * * *
You block Snorg's attack. Snorg claws you but does no damage.
You closely miss Snorg.
Snorg is almost dead.
You hit the fungus.
You destroy the fungus!
Snorg bites you!
* * * LOW HITPOINT WARNING * * *
Snorg closely misses you. Snorg claws you!
You die...

.#..###.............#
.#..##..#...........####
.#...##.............#... .#.
..P.###.................. #.. ..
.>....................... ....##.
......................... ...#..
PP.......................# #.. #.
..................##...## #..##.
###.##..........@.# ..# #.....
#.#......#....†T# .. #...#.
###.............$... ...###.....
.....................>.........#.
...............................##
...÷.......#..<................##
.........P......................#
...÷#.............f.. .##.....#.
...#.#...P.....≈≈. ####....


You could see Snorg (berserk) and a wandering mushroom.

Vanquished Creatures
  Fannar (Lair:3)
  A catoblepas (D:8)
  A black mamba (Lair:2)
  6 komodo dragons
  2 spiny frogs (Lair:2)
  A troll (D:9)
  Prince Ribbit (D:7)
  3 blink frogs (Lair:2)
  3 basilisks
  A wyvern (D:8)
  A hill giant zombie (D:8)
  2 hippogriffs
  A hungry ghost (D:9)
  19 yaks
  2 mottled dragons (D:9)
  Edmund (D:7)
  6 wolves (Lair:1)
  4 water moccasins
  The ghost of B1inky the Sneak, an average OpEn (D:3)
  6 porcupines
  5 ogres
  A phantom (D:4)
  2 sky beasts
  An orc warrior (D:6)
  6 centaurs
  2 ice beasts
  6 crocodiles
  6 giant frogs
  A big kobold (Sewer)
  A water moccasin zombie (D:6)
  A hippogriff zombie (D:6)
  6 scorpions
  7 wights
  3 electric eels
  3 crimson imps
  3 goliath beetles
  7 hounds
  3 jellies
  A centaur skeleton (D:6)
  11 orc priests
  7 orc wizards
  Natasha (D:3)
  3 iguanas
  15 sheep
  5 worker ants
  A killer bee zombie (D:7)
  An ogre zombie (D:8)
  A mummy (D:8)
  14 adders
  A scorpion zombie (D:6)
  22 green rats
  3 giant mites
  A goliath beetle zombie (D:6)
  4 shadow imps
  2 worms
  An adder zombie (D:6)
  2 iguana skeletons
  10 giant geckos
  37 orcs
  2 ball pythons (D:1)
  13 giant cockroaches
  11 hobgoblins
  5 jackals
  12 kobolds
  17 bats
  9 giant newts
  4 giant spores
  15 goblins
  A hobgoblin zombie (D:7)
  2 orc skeletons (D:7)
  4 orc zombies
  15 quokkas
  16 rats
  18 ballistomycetes
  2 fungi
416 creatures vanquished.

Vanquished Creatures (others)
  A hobgoblin (D:9)
  A fungus (Lair:2)
  A plant (Lair:3)
3 creatures vanquished.

Grand Total: 419 creatures vanquished

Notes
Turn   | Place    | Note
--------------------------------------------------------------
     0 | D:1      | ztt, the Minotaur Fighter, began the quest for the Orb.
     0 | D:1      | Reached XP level 1. HP: 19/19 MP: 1/1
   142 | D:1      | Reached skill level 4 in Shields
   143 | D:1      | Reached XP level 2. HP: 24/27 MP: 1/1
   455 | D:1      | Reached XP level 3. HP: 31/33 MP: 2/2
   681 | D:2      | Found a deep blue altar of Sif Muna.
  1373 | D:3      | Reached XP level 4. HP: 36/40 MP: 2/2
  1399 | D:3      | Found a glowing drain.
  1413 | Sewer    | Entered a sewer
  1470 | Sewer    | Noticed a big kobold
  1484 | Sewer    | Killed a big kobold
  1484 | Sewer    | Reached skill level 1 in Dodging
  1484 | Sewer    | Reached XP level 5. HP: 37/47 MP: 2/2
  1505 | Sewer    | Found a white marble altar of Elyvilon.
  1669 | D:3      | Reached skill level 5 in Shields
  1801 | D:3      | Noticed Natasha
  1822 | D:3      | Killed Natasha
  1977 | D:3      | Noticed B1inky's ghost (average OpEn)
  1985 | D:3      | Killed B1inky's ghost
  1985 | D:3      | Reached skill level 5 in Armour
  1985 | D:3      | Reached XP level 6. HP: 43/53 MP: 3/3
  2061 | D:4      | Reached skill level 5 in Fighting
  2097 | D:4      | Reached XP level 7. HP: 34/61 MP: 3/3
  2266 | D:4      | Reached skill level 5 in Axes
  2318 | D:4      | Found an opulent altar of Gozag.
  2962 | D:5      | Entered Level 5 of the Dungeon
  2980 | D:5      | Reached skill level 6 in Armour
  2988 | D:5      | Got a smoking hand axe
  2989 | D:5      | Identified the +3 hand axe "Zexeag" {chop, SInv} (You found it on level 5 of the Dungeon)
  3180 | D:5      | Found Zutat's Weapon Boutique.
  3252 | D:5      | Reached XP level 8. HP: 40/70 MP: 2/3
  3690 | D:6      | Reached skill level 7 in Axes
  4213 | D:6      | Reached XP level 9. HP: 47/79 MP: 4/4
  4352 | D:6      | Reached skill level 8 in Axes
  4508 | D:6      | Found a shimmering altar of Xom.
  4715 | D:7      | Noticed Edmund
  4731 | D:7      | Killed Edmund
  4756 | D:7      | Noticed Prince Ribbit
  5097 | D:7      | Found a staircase to the Ecumenical Temple.
  5134 | Temple   | Entered the Ecumenical Temple
  5439 | Temple   | Became a worshipper of Warmaster Okawaru
  5554 | D:7      | Reached skill level 5 in Dodging
  5643 | D:7      | Killed Prince Ribbit
  5643 | D:7      | Reached skill level 9 in Axes
  6119 | D:8      | Noticed a catoblepas
  6263 | D:8      | Killed a catoblepas
  6263 | D:8      | Acquired Okawaru's first power
  6263 | D:8      | Reached XP level 10. HP: 66/89 MP: 2/4
  6660 | D:8      | Found a glowing golden altar of the Shining One.
  7124 | D:9      | Found a sacrificial altar of Ru.
  7125 | D:9      | Found a shattered altar of Ashenzari.
  7295 | D:9      | Found a basalt altar of Yredelemnul.
  7414 | D:9      | Reached skill level 1 in Stealth
  7534 | D:9      | Found a stormy altar of Qazlal.
  7934 | D:9      | Reached skill level 10 in Axes
  8222 | D:9      | Found a staircase to the Lair.
  8425 | Lair:1   | Entered Level 1 of the Lair of Beasts
  8808 | Lair:1   | Reached XP level 11. HP: 97/97 MP: 4/4
  8821 | Lair:1   | Reached skill level 10 in Shields
  9472 | Lair:2   | Found a blossoming altar of Fedhas.
  9696 | Lair:2   | Reached skill level 11 in Axes
 10132 | Lair:2   | Acquired Okawaru's second power
 10334 | Lair:2   | Reached skill level 10 in Fighting
 10768 | Lair:3   | Reached skill level 10 in Armour
 11023 | Lair:3   | Received a gift from Okawaru
 11116 | Lair:3   | Reached XP level 12. HP: 51/107 MP: 5/5
 11149 | Lair:3   | Noticed Fannar
 11208 | Lair:3   | Killed Fannar
 11394 | Lair:3   | Noticed Snorg
 11406 | Lair:3   | Slain by Snorg

Action                   |  1- 3 |  4- 6 |  7- 9 | 10-12 || total
-------------------------+-------+-------+-------+-------++-------
Melee: War axe           |    85 |    93 |    74 |       ||   252
       Hand axe          |       |       |   390 |   674 ||  1064
  Use: Potion            |       |     1 |     3 |     8 ||    12
       Scroll            |       |       |    16 |     9 ||    25
 Stab: Paralysed         |       |       |       |     1 ||     1
  Eat: Chunk             |       |     1 |     4 |     4 ||     9
       Beef jerky        |       |     1 |     2 |     1 ||     4
       Pizza             |       |       |     1 |     1 ||     2
       Fruit             |       |       |     2 |     1 ||     3
       Bread ration      |       |       |     1 |     1 ||     2
       Meat ration       |       |       |       |     1 ||     1
       Royal jelly       |       |       |       |     1 ||     1
